 Dungeon Crawl Stone Soup version 0.29-a0-823-gc37b1572da (webtiles) character file.

Game seed: 14471107427299286795

293 vineage the Trooper (level 6, -1/41 HPs)
             Began as a Gargoyle Fighter on July 8, 2022.
             Slain by a gnoll
             ... wielding a +0 halberd
              (8 damage)
             ... on level 2 of the Dungeon.
             The game lasted 00:03:07 (1958 turns).

vineage the Trooper (Gargoyle Fighter)              Turns: 1958, Time: 00:03:08

Health: -1/41      AC: 14    Str: 22    XL:     6   Next: 33%
Magic:  6/6        EV:  9    Int:  8    God:
Gold:   65         SH:  4    Dex:  9    Spells: 5/5 levels left

rFire   . . .      SeeInvis .   a - +0 flail
rCold   . . .      Faith    .   c - +0 buckler
rNeg    + . .      Spirit   .   b - +0 scale mail
rPois   ∞          Reflect  .   (no helmet)
rElec   +          Harm     .   (no cloak)
rCorr   .          Rampage  .   i - +2 pair of gloves
Will    .....                   (no boots)
Stlth   ..........              (no amulet)
HPRegen 0.13/turn               (no ring)
MPRegen 0.10/turn               (no ring)

@: no status effects
A: sickness immunity, AC +4, negative energy resistance 1, electricity
resistance, torment resistance 1, petrification resistance
a: no special abilities


You were on level 2 of the Dungeon.
You visited 1 branch of the dungeon, and saw 2 of its levels.

You collected 65 gold pieces.

Inventory:

Hand Weapons
 a - a +0 flail (weapon)
Armour
 b - a +0 scale mail (worn)
 c - a +0 buckler (worn)
 i - a +2 pair of gloves (worn)
Scrolls
 d - 2 scrolls of identify {unknown}
 e - a scroll of teleportation {unknown}
 j - a scroll of silence {unknown}
 l - a scroll of magic mapping {unknown}
 m - a scroll of amnesia {unknown}
Potions
 g - a potion of mutation {unknown}
 h - a potion of invisibility {unknown}
 k - 2 potions of brilliance {unknown}


   Skills:
 * Level 5.8 Fighting
 * Level 4.7 Maces & Flails
 - Level 3.2 Armour
 - Level 3.2 Shields


You had 5 spell levels left.
You didn't know any spells.
Your spell library was empty.

Dungeon Overview and Level Annotations

Branches:
Dungeon (2/15)

Altars:


Innate Abilities, Weirdness & Mutations

You are immune to sickness and miasma.
Your stone body is resilient. (AC +4)
You are immune to poison.
You resist negative energy. (rN+)
You are resistant to electric shocks. (rElec)
You are resistant to unholy torment.
You are immune to petrification.


Message History

You are too injured to fight recklessly!
You are too injured to fight recklessly!
You are too injured to fight recklessly!
You are too injured to fight recklessly!
The gnoll hits you but does no damage.
You thump the gnoll!
The gnoll is almost dead.
The gnoll hits you but does no damage. x3; The gnoll closely misses you.
You hit the gnoll but do no damage.
The gnoll is almost dead.
The gnoll hits you from afar with a +0 halberd!
* * * LOW HITPOINT WARNING * * *
The gnoll misses you.
You sock the gnoll!
You kill the gnoll!
The gnoll hits you from afar with a +0 halberd!
* * * LOW HITPOINT WARNING * * *
It was a potion of curing.
You feel better.
The gnoll hits you but does no damage. x2
You feel better.
The gnoll hits you from afar with a +0 halberd.
The gnoll hits you with a +0 club.
You thump the gnoll!
You kill the gnoll!
The gnoll barely misses you. The gnoll hits you but does no damage.
Things that are here:
a +0 club; a +0 whip; a hobgoblin corpse You hit the gnoll.
The gnoll is moderately wounded.
The gnoll misses you.
You hit the gnoll but do no damage.
The gnoll is moderately wounded.
The gnoll hits you with a +0 halberd!
* * * LOW HITPOINT WARNING * * *
The gnoll closely misses you.
You barely miss the gnoll.
The gnoll is moderately wounded.
The gnoll hits you with a +0 halberd!
You die...

#.#......# #
#.#>##.### #
#.#.##.#########
#.#.#..#......#_
..#.#.##.#....#^
#####>..........#.
#...)...#.##......
#.#######.........
#@# ##.......
#......g#
#......)#
#.###.###
#####.......# #.
............# #
#####.......#
............#
#####......##
#......##
#####.###


You could see a gnoll.

Vanquished Creatures
  Sigmund (D:2)
  6 gnolls (D:2)
  2 adders (D:2)
  A worm (D:2)
  6 ball pythons
  4 endoplasms
  A giant cockroach (D:1)
  6 goblins
  4 hobgoblins (D:2)
  6 jackals
  A quokka (D:1)
  5 bats
  3 frilled lizards
  3 kobolds
  2 rats
51 creatures vanquished.

Vanquished Creatures (others)
  21 plants (D:2)
  7 toadstools (D:1)
28 creatures vanquished.

Grand Total: 79 creatures vanquished

Notes
Turn   | Place    | Note
-------+----------+-------------------------------------------
     0 | D:1      | vineage the Gargoyle Fighter began the quest for the Orb.
     0 | D:1      | Reached XP level 1. HP: 14/14 MP: 1/1
   409 | D:1      | Reached XP level 2. HP: 19/19 MP: 2/2
  1247 | D:1      | Reached XP level 3. HP: 23/24 MP: 3/3
  1360 | D:2      | Reached skill level 4 in Fighting
  1387 | D:2      | Found a faded altar of an unknown god.
  1718 | D:2      | Noticed Sigmund
  1726 | D:2      | Killed Sigmund
  1727 | D:2      | Reached skill level 5 in Fighting
  1727 | D:2      | Reached XP level 4. HP: 31/31 MP: 4/4
  1727 | D:2      | Reached XP level 5. HP: 35/35 MP: 5/5
  1753 | D:2      | Reached XP level 6. HP: 38/40 MP: 6/6
  1951 | D:2      | HP: 1/41 [gnoll/+0 halberd (10)]
  1958 | D:2      | Slain by a gnoll

Illustrated notes

Levels and vault maps discovered:
D:1:      nagdon_arrival_double_spiral, layout_basic
D:2:      layout_basic, hellmonk_ecumenical_altar_leap_of_faith,
          serial_bayou_lagoon_b, uniq_sigmund

Skill      XL: |  1  2  3 |
---------------+----------+-----
Fighting       | 5 |  5.8
Maces & Flails | 4 |  4.7
Armour         | |  3.2
Shields        | |  3.2

Action                   |  1- 3 |  4- 6 || total
-------------------------+-------+-------++-------
Melee: Flail             |   129 |    51 ||   180
  Use: Potion            |     1 |     2 ||     3
Armor: Scale mail        |    92 |    34 ||   126
Dodge: Dodged            |    65 |    38 ||   103
Block: Buckler           |    20 |    10 ||    30

Table legend: (Time is in decaauts)
 A = Elapsed time spent in this place.
 B = Non-inter-level travel time spent in this place.
 C = Inter-level travel time spent in this place.
 D = Time resting spent in this place.
 E = Time spent auto-exploring this place.
 F = Levels seen in this place.
 G = Mean time per level.
                   A        B        C        D        E       F      G
               +--------+--------+--------+--------+--------+-----+--------+
         Total |   2042 |   2004 |     38 |      0 |   1625 |   2 | 1021.0 |
       Dungeon |   2042 |   2004 |     38 |      0 |   1625 |   2 | 1021.0 |
               +--------+--------+--------+--------+--------+-----+--------+

Top non-repeatable levels by time:
     D:1: 1374 daAuts
     D:2: 668 daAuts
